 Dungeon Crawl Stone Soup version 0.26-a0-660-gc07710193c (webtiles) character file.

Game seed: 3881239662484835012

7878 robertstho the Grappler (level 11, 0/105 HPs)
             Began as a Troll Berserker on Oct 6, 2020.
             Was a High Priest of Trog.
             Slain by an unseen horror (8 damage)
             ... on level 10 of the Dungeon.
             The game lasted 00:13:29 (7728 turns).

robertstho the Grappler (Troll Berserker)           Turns: 7728, Time: 00:13:30

Health: 0/105      AC:  8    Str: 36    XL:     11   Next: 2%
Magic:  10/10      EV:  7    Int:  2    God:    Trog [*****.]
Gold:   511        SH: 15    Dex:  9    Spells: 10/10 levels left

rFire    + + .     SeeInvis .     - Unarmed
rCold    + . .     Faith    .   D - +0 tower shield
rNeg     . . .     Spirit   .   B - +2 robe {MR+}
rPois    .         Reflect  .   (helmet restricted)
rElec    .         Harm     .   y - scarf {rC+ rF+}
rCorr    .         Rampage  .   (gloves unavailable)
MR       ++...                  (boots unavailable)
Stlth    +++.......             (no amulet)
HPRegen  0.67/turn              F - ring of protection from fire
MPRegen  0.12/turn              w - ring "Fegipsul" {MR+ Str+9 Int-4 Stlth+}

@: no status effects
A: large, unfitting armour, claws 3, regeneration 1, shaggy fur 1, tough skin 3
a: Berserk, Trog's Hand, Brothers in Arms, Renounce Religion


You were on level 10 of the Dungeon.
You worshipped Trog.
Trog was extremely pleased with you.
You visited 1 branch of the dungeon, and saw 10 of its levels.

You collected 774 gold pieces.
You spent 263 gold pieces at shops.

Inventory:

Missiles
 p - 4 large rocks (quivered)
Armour
 y - a scarf of resistance (worn)
 B - a +2 robe of magic resistance (worn)
 D - a +0 tower shield (worn)
Jewellery
 c - an uncursed ring of flight
 w - the ring "Fegipsul" (right claw) {MR+ Str+9 Int-4 Stlth+}
   (You found it on level 5 of the Dungeon)

   [ring of protection from magic]

   It affects your strength (+9).
   It affects your intelligence (-4).
   It affects your resistance to hostile enchantments.
   It makes you more stealthy.
 C - an uncursed ring of ice
 F - a ring of protection from fire (left claw)
Wands
 a - a wand of acid (9)
 z - a wand of flame (24)
 A - a wand of enslavement (6)
 E - a wand of polymorph (8)
Scrolls
 b - 2 scrolls of fog
 d - 4 scrolls of fear
 e - 4 scrolls of magic mapping {unknown}
 f - a scroll of enchant armour
 h - 3 scrolls of enchant weapon
 j - 6 scrolls of blinking
 k - a scroll of summoning {unknown}
 l - 6 scrolls of remove curse
 s - 8 scrolls of teleportation
 u - 2 scrolls of immolation
 v - a scroll of brand weapon {unknown}
Potions
 g - 5 potions of mutation
 i - a potion of might
 m - a potion of berserk rage
 n - 4 potions of curing
 o - 2 potions of heal wounds
 q - 2 potions of lignification
 r - 3 potions of stabbing
 t - a potion of ambrosia
 x - 2 potions of haste


   Skills:
 * Level 6.0 Fighting
 + Level 5.1 Dodging
 + Level 3.2 Stealth
 + Level 0.7 Shields
 * Level 13.5 Unarmed Combat


You had 10 spell levels left.
You didn't know any spells.
Your spell library was empty.

Dungeon Overview and Level Annotations

Branches:
Dungeon (10/15)            Temple (0/1) D:5
   Lair: D:8-11         Orc: D:9-12

Altars:
Cheibriados
Hepliaklqana
Makhleb
Trog
Zin
The Shining One

Shops:
D:4 *   D:5 ?   D:7 *:[   D:9 (

Portals:
Trove: D:10 (give +3 storm dragon scales)

Annotations:
D:3 1 runed translucent door
D:7 668 mask of the dragon
D:8 2 transporters, SkiChan's ghost, novice MiBe


Innate Abilities, Weirdness & Mutations

You are too large for most types of armour.
You have claws for hands.
Your natural rate of healing is unusually fast.
You are covered in fur. (AC +1)
You have extremely tough skin. (AC +3)


Message History

You miss something. You block something's attack.
You swing at nothing.
Something hits you!
You swing at nothing.
You block something's attack.
You swing at nothing.
Something hits you.
You barely miss something. Something hits you.
* * * LOW HITPOINT WARNING * * *
You swing at nothing.
You barely miss something. Something hits you!
* * * LOW HITPOINT WARNING * * *
You swing at nothing.
You closely miss something. Something hits you!
* * * LOW HITPOINT WARNING * * *
Something hits you.
* * * LOW HITPOINT WARNING * * *
Your shield prevents you from hitting something.
Something hits you!
* * * LOW HITPOINT WARNING * * *
Something hits you but does no damage.
You swing at nothing.
Something hits you!
You die...

#..........# #...# #..........#
###.####### ########'###
#.......# ##.....# ##########'##
#..##### #...........#
##'######### #...........#
#..........# #...........#
#..........#######...........#
#..........##..@.'...........#
#..........##.####....[..#######
#..........##.# #..÷....#.....#
#..........#..# #.......#.+++.#
#..........'.## #.......).+∩+.#
#..........### #.......#.''+.#
############ ###'#####.....#
#..# ####### ##[##


There were no monsters in sight!

Vanquished Creatures
  Harold (D:7)
  A two-headed ogre (D:8)
  Maurice (D:8)
  Joseph (D:8)
  A troll (D:10)
  Grinder (D:6)
  A wyvern (D:10)
  5 yaks (D:10)
  Sigmund (D:6)
  A water moccasin (D:8)
  2 orc warriors
  2 ice beasts
  3 sky beasts
  4 black bears
  4 ogres
  A phantom (D:6)
  3 centaurs
  5 bullfrogs
  A scorpion (D:8)
  The ghost of luopjiggy the Chopper, a weakling HOFi (D:3)
  4 killer bees (D:7)
  A howler monkey (D:3)
  15 wights
  2 bullfrog zombies
  2 centaur zombies
  6 hounds
  5 jellies
  4 orc priests
  2 iguanas
  Jessica (D:2)
  4 bullfrog skeletons
  2 centaur skeletons
  6 worker ants
  3 orc wizards
  A hound skeleton (D:4)
  2 howler monkey zombies (D:9)
  4 gnolls (D:2)
  A howler monkey skeleton (D:4)
  11 adders
  2 river rats (D:3)
  A shadow imp (D:6)
  2 white imps
  An ufetubus (D:6)
  An ooze (D:2)
  2 adder skeletons (D:4)
  An adder zombie (D:10)
  2 worms
  A dart slug (D:1)
  2 leopard geckos
  16 orcs
  2 ball pythons
  8 bats
  10 giant cockroaches
  10 goblins
  9 hobgoblins
  3 jackals (D:3)
  7 quokkas
  6 frilled lizards
  A jackal skeleton (D:7)
  A jackal zombie (D:6)
  6 kobolds
  A leopard gecko skeleton (D:7)
  A quokka skeleton (D:5)
  A quokka zombie (D:8)
  2 rats
215 creatures vanquished.

Notes
Turn   | Place    | Note
-------+----------+-------------------------------------------
     0 | D:1      | robertstho the Troll Berserker began the quest for the Orb.
     0 | D:1      | Reached XP level 1. HP: 22/22 MP: 0/0
   145 | D:1      | Reached XP level 2. HP: 29/29 MP: 1/1
   297 | D:1      | Reached ** piety under Trog
   625 | D:1      | Reached XP level 3. HP: 36/36 MP: 2/2
  1004 | D:2      | Noticed Jessica
  1012 | D:2      | Killed Jessica
  1013 | D:2      | Reached XP level 4. HP: 32/45 MP: 3/3
  1066 | D:2      | Reached skill level 4 in Unarmed Combat
  1385 | D:2      | Reached XP level 5. HP: 51/53 MP: 4/4
  1963 | D:3      | Reached skill level 5 in Unarmed Combat
  1964 | D:3      | Found a runed translucent door.
  1967 | D:3      | Reached *** piety under Trog
  1973 | D:3      | Noticed luopjiggy's ghost (weakling HOFi)
  1980 | D:3      | Killed luopjiggy's ghost
  1992 | D:3      | Reached XP level 6. HP: 32/61 MP: 5/5
  2000 | D:3      | Found a runed translucent door.
  2534 | D:3      | Found a glowing golden altar of the Shining One.
  2786 | D:4      | Found Asack's Assorted Antiques.
  2867 | D:4      | Reached skill level 6 in Unarmed Combat
  3117 | D:5      | Entered Level 5 of the Dungeon
  3144 | D:5      | Found Vobbe's Magic Scroll Shop.
  3157 | D:5      | Bought a scroll of fear for 49 gold pieces
  3157 | D:5      | Bought a scroll of immolation for 49 gold pieces
  3157 | D:5      | Bought a scroll of remove curse for 42 gold pieces
  3157 | D:5      | Bought a scroll of identify for 28 gold pieces
  3157 | D:5      | Bought a scroll of identify for 28 gold pieces
  3179 | D:5      | Got a shimmering amber ring
  3260 | D:5      | Reached XP level 7. HP: 14/67 MP: 6/6
  3272 | D:5      | Identified the ring "Fegipsul" {MR+ Str+9 Int-4 Stlth+}
                  | (You found it on level 5 of the Dungeon)
  3357 | D:5      | Found a staircase to the Ecumenical Temple.
  3422 | D:5      | Reached skill level 7 in Unarmed Combat
  3873 | D:6      | Noticed Grinder
  3887 | D:6      | Reached skill level 8 in Unarmed Combat
  3892 | D:6      | Reached XP level 8. HP: 35/78 MP: 7/7
  3896 | D:6      | Killed Grinder
  4050 | D:6      | Reached skill level 9 in Unarmed Combat
  4118 | D:6      | Reached skill level 1 in Stealth
  4471 | D:6      | Noticed Sigmund
  4479 | D:6      | Reached **** piety under Trog
  4479 | D:6      | Reached skill level 10 in Unarmed Combat
  4485 | D:6      | Killed Sigmund
  4485 | D:6      | Reached XP level 9. HP: 85/85 MP: 8/8
  4882 | D:7      | Found Okke's Antique Armour Shop.
  4942 | D:7      | Found Rucae's Book Boutique.
  5139 | D:5      | Bought a scroll of identify for 28 gold pieces
  5295 | D:7      | Found Arunuhuh's General Store.
  5474 | D:7      | Noticed Harold
  5481 | D:7      | Killed Harold
  5481 | D:7      | Reached skill level 5 in Fighting
  5481 | D:7      | Reached skill level 11 in Unarmed Combat
  5833 | D:8      | Noticed Maurice
  5842 | D:8      | Found a transporter.
  5843 | D:8      | Noticed SkiChan's ghost (novice MiBe)
  5844 | D:8      | Found a transporter.
  5915 | D:8      | Noticed a two-headed ogre
  5927 | D:8      | Killed a two-headed ogre
  5927 | D:8      | Reached skill level 12 in Unarmed Combat
  5927 | D:8      | Reached XP level 10. HP: 19/96 MP: 9/9
  6088 | D:8      | Killed Maurice
  6279 | D:8      | Noticed Joseph
  6289 | D:8      | Killed Joseph
  6462 | D:7      | Bought 4 large rocks for 39 gold pieces
  6770 | D:9      | Found Ystehuj's Antique Weapon Shop.
  6928 | D:9      | Reached ***** piety under Trog
  7204 | D:9      | Found a snail-covered altar of Cheibriados.
  7209 | D:9      | Found a bloodstained altar of Trog.
  7210 | D:9      | Found a glowing silver altar of Zin.
  7210 | D:9      | Found a burning altar of Makhleb.
  7211 | D:9      | Found a hazy altar of Hepliaklqana.
  7298 | D:10     | Entered Level 10 of the Dungeon
  7354 | D:10     | Reached skill level 5 in Dodging
  7354 | D:10     | Reached skill level 13 in Unarmed Combat
  7477 | D:10     | Found a portal to a secret trove of treasure.
  7514 | D:10     | Found a hazy altar of Hepliaklqana.
  7620 | D:10     | Reached XP level 11. HP: 105/105 MP: 10/10
  7728 | D:10     | Slain by an unseen horror

Illustrated notes

Levels and vault maps discovered:
D:1:      saegor_arrival_simple_c, layout_loops_corners, minmay_misc_feat_tiny,
          st_stairs_6, hangedman_abyss_or_decor_stabs
D:2:      layout_basic, minmay_randomly_rotated_circles, uniq_jessica
D:3:      layout_loops_corners, lemuel_coloured_pillars_altar,
          ebering_ghost_sewer_f
D:4:      layout_rooms, serial_shops, shop
D:5:      layout_basic, minmay_temple_entry_ruins, serial_shops,
          nicolae_shop_crystal
D:6:      layout_cave_pods, uniq_grinder, uniq_sigmund
D:7:      layout_rooms, serial_rivers, chequers_serial_rivers_large_b,
          chequers_serial_rivers_room_a, chequers_serial_rivers_micro_d,
          chequers_serial_rivers_room_b, serial_shops, shop,
          nicolae_shop_crystal, shop, minmay_holes, uniq_harold
D:8:      layout_loops_ring, gammafunk_ghost_hive, uniq_maurice, uniq_joseph
D:9:      layout_roguey, minitemple, serial_shops,
          nicolae_shop_overgrown_old_shop, nicolae_wwwww
D:10:     layout_roguey, enter_trove_6, basic_altar, kennysheep_windowed_goal

Skill      XL: |  1  2  3  4  5  6  7  8  9 10 |
---------------+-------------------------------+-----
Fighting       | 3 4 5 6 |  6.0
Unarmed Combat | 4 5 6 8 10 12 13 | 13.5
Dodging        | 3 4 5 |  5.1
Stealth        | 1 2 3 |  3.2
Shields        | |  0.7

Action                   |  1- 3 |  4- 6 |  7- 9 | 10-12 || total
-------------------------+-------+-------+-------+-------++-------
Melee: Unarmed           |    66 |   141 |   180 |   140 ||   527
       Punch             |     1 |     2 |     8 |     6 ||    17
Invok: Berserk           |       |     3 |     5 |     1 ||     9
       Trog's Hand       |       |     1 |     1 |       ||     2
  Use: Scroll            |       |    11 |     5 |     1 ||    17
 Stab: Sleeping          |       |     1 |    12 |     8 ||    21
       Distracted        |       |       |       |     1 ||     1
Armor: Animal skin       |    20 |    58 |    27 |       ||   105
       Robe              |       |       |    17 |    36 ||    53
Dodge: Dodged            |    34 |    74 |    73 |    39 ||   220
Block: Tower shield      |       |       |       |    44 ||    44

Table legend: (Time is in decaauts)
 A = Elapsed time spent in this place.
 B = Non-inter-level travel time spent in this place.
 C = Inter-level travel time spent in this place.
 D = Time resting spent in this place.
 E = Time spent auto-exploring this place.
 F = Levels seen in this place.
 G = Mean time per level.
                   A        B        C        D        E       F      G
               +--------+--------+--------+--------+--------+-----+--------+
         Total |   7749 |   7135 |    614 |    428 |   5460 |  10 |  774.9 |
       Dungeon |   7749 |   7135 |    614 |    428 |   5460 |  10 |  774.9 |
               +--------+--------+--------+--------+--------+-----+--------+

Top non-repeatable levels by time:
     D:6: 1197 daAuts
     D:3: 1030 daAuts
     D:2: 905 daAuts
     D:8: 902 daAuts
     D:5: 854 daAuts
     D:1: 778 daAuts
     D:7: 733 daAuts
     D:9: 567 daAuts
     D:4: 401 daAuts
    D:10: 378 daAuts
